 Dungeon Crawl Stone Soup version 0.28-a0-1555-g9ae15a6949 (webtiles) character file.

Game seed: 6605195702647515825

5353 oldriver the Thaumaturge (level 10, -8/60 HPs)
             Began as a Deep Elf Fire Elementalist on Jan 18, 2022.
             Was a Believer of Vehumet.
             Mangled by a sun demon (11 damage)
             ... summoned by an orc high priest
             ... in a bailey on Jan 19, 2022.
             The game lasted 00:28:40 (14506 turns).

oldriver the Thaumaturge (DEFE)                    Turns: 14506, Time: 00:28:41

Health: -8/60      AC:  9    Str: 10    XL:     10   Next: 38%
Magic:  27/35      EV: 14    Int: 23    God:    Vehumet [**....]
Gold:   141        SH:  6    Dex: 19    Spells: 20/29 levels left

rFire   . . .      SeeInvis .   n - +2 short sword "Zizeskyips" {speed, rF- rC+++ Str+3 Dex+4}
rCold   + . .      Faith    .   g - +0 buckler
rNeg    + . .      Spirit   .   D - +3 leather armour {rN+}
rPois   +          Reflect  .   (no helmet)
rElec   .          Harm     .   (no cloak)
rCorr   .          Rampage  .   w - +1 pair of gloves "Qoythriuts" {+Inv rPois rC- Slay+5}
Will    +....                   C - +0 pair of boots
Stlth   +++.......              q - amulet of regeneration
HPRegen 1.00/turn               i - ring of magical power
MPRegen 0.24/turn               a - ring of fire

@: no status effects
A: no striking features
a: Renounce Religion, Evoke Invisibility


You were in a bailey.
You worshipped Vehumet.
Vehumet was pleased with you.
You visited 2 branches of the dungeon, and saw 9 of its levels.
You also visited: Sewer and Bailey.

You collected 366 gold pieces.
You spent 225 gold pieces at shops.

Inventory:

Hand Weapons
 c - a +1 dagger of electrocution
 n - the +2 short sword "Zizeskyips" (weapon) {speed, rF- rC+++ Str+3 Dex+4}
   (You found it in a sewer)

   Attacks with this weapon are significantly faster.
   Str:       It affects your strength (+3).
   Dex:       It affects your dexterity (+4).
   rF:        It makes you vulnerable to fire.
   rC:        It renders you almost immune to cold.
Missiles
 j - 18 poisoned darts
 y - a throwing net
Armour
 e - a +0 pair of gloves
 g - a +0 buckler (worn)
 k - the +1 robe "Bachapergh" {rF++ Str-5 SInv}
   (You found it in a sewer)

   Str:       It affects your strength (-5).
   rF:        It greatly protects you from fire.
   SInv:      It lets you see invisible.
 w - the +1 pair of gloves "Qoythriuts" (worn) {+Inv rPois rC- Slay+5}
   (You acquired it in a bailey)

   Slay:      It affects your accuracy & damage with ranged weapons and melee
   (+5).
   rC:        It makes you vulnerable to cold.
   rPois:     It protects you from poison.
   +Inv:      It lets you turn invisible.
 C - a +0 pair of boots (worn)
 D - a +3 leather armour of positive energy (worn)
 G - a +2 leather armour of poison resistance
Jewellery
 a - a ring of fire (right hand)
 f - a ring of positive energy
 i - a ring of magical power (left hand)
 p - a ring of resist corrosion
 q - an amulet of regeneration (around neck)
 s - a ring of protection from fire
Wands
 m - a wand of polymorph (12)
 t - a wand of charming (4)
 z - a wand of iceblast (6)
Scrolls
 E - a scroll of identify
Potions
 b - 3 potions of invisibility
 d - 5 potions of curing
 h - 2 potions of might
 l - 2 potions of resistance
 o - a potion of magic
 r - a potion of mutation {unknown}
 u - 2 potions of berserk rage {unknown}
 v - 2 potions of heal wounds {unknown}
 A - 2 potions of degeneration {unknown}
 B - a potion of cancellation {unknown}


   Skills:
 - Level 6.0 Fighting
 + Level 5.5 Dodging
 + Level 5.6 Stealth
 - Level 5.0 Shields
 + Level 10.1 Spellcasting
 - Level 6.1 Conjurations
 - Level 7.0 Fire Magic


You had 20 spell levels left.
You knew the following spells:

 Your Spells              Type           Power      Damage    Failure   Level
a - Foxfire               Conj/Fire      100%       2x1d9     1%          1
b - Scorch                Fire           100%       2d10      1%          2
c - Magic Dart            Conj           100%       1d8       1%          1
d - Conjure Flame         Conj/Fire      58%        6-21      1%          3
e - Searing Ray           Conj           78%        2d7       1%          2

Your spell library contained the following spells:

 Spells                   Type           Power      Damage    Failure   Level
 Inner Flame              Hex/Fire       41%        N/A       7%          3
 Flame Wave               Conj/Fire      58%        2d9       7%          4
 Beastly Appendage        Tmut           22%        N/A       10%         1
 Summon Small Mammal      Summ           44%        N/A       10%         1
 Wereblood                Tmut           11%        N/A       14%         2
 Call Canine Familiar     Summ           11%        N/A       28%         3
 Spider Form              Tmut/Pois      11%        N/A       28%         3
 Summon Guardian Golem    Hex/Summ       11%        N/A       28%         3


Dungeon Overview and Level Annotations

Branches:
Dungeon (8/15)             Temple (1/1) D:6           Sewer (visited)
 Bailey (1/1)
   Lair: D:8-11

Altars:
Ashenzari
Cheibriados
Dithmenos
Elyvilon
Gozag
Hepliaklqana
Kikubaaqudgha
Makhleb
Nemelex Xobeh
Okawaru
Qazlal
Ru
Sif Muna
Trog
Uskayaw
Vehumet
Wu Jian
Xom
Yredelemnul
Zin
The Shining One

Shops:
D:1 [   D:5 :


Message History

The foxfire hits the orc high priest but does no damage.
The orc high priest is lightly wounded.
Your foxfire dissipates!
A goblin comes into view. It is wielding a +0 hand axe.
The orc high priest is engulfed in blazing flames.
The kobold demonologist looks satisfied for a moment.
The orc high priest utters an invocation to Beogh.
Okay, then.
Okay, then.
Casting: Searing Ray (safe; 1% risk of failure)
Confirm with . or Enter, or press ? or * to list all spells.
Okay, then.
Okay, then.
Aiming: Charm
Press: ? - help, Shift-Dir - straight line, f/p - orc high priest
Aim: an orc high priest, wielding a +0 war axe and wearing a +0 scale mail (lightly wounded, chance to affect: 17%)
The orc high priest resists with almost no effort.
The sun demon hits you.
You are engulfed in flames!!
Aiming: Charm
Press: ? - help, Shift-Dir - straight line, f/p - orc high priest
Aim: an orc high priest, wielding a +0 war axe and wearing a +0 scale mail (lightly wounded, chance to affect: 17%)
The orc high priest resists with almost no effort.
The sun demon barely misses you.
The orc high priest mumbles some strange prayers to Beogh against you.
You resist with significant effort.
Aiming: Charm
Press: ? - help, Shift-Dir - straight line, f/p - orc high priest
Aim: an orc high priest, wielding a +0 war axe and wearing a +0 scale mail (lightly wounded, chance to affect: 17%)
The orc high priest resists with almost no effort.
The sun demon hits you!
You are engulfed in flames!!
* * * LOW HITPOINT WARNING * * *
The orc high priest barely misses you.
Aiming: Charm
Press: ? - help, Shift-Dir - straight line, f/p - orc high priest
Aim: an orc high priest, wielding a +0 war axe and wearing a +0 scale mail (lightly wounded, chance to affect: 17%)
The orc high priest resists with almost no effort.
The sun demon hits you!
* * * LOW HITPOINT WARNING * * *
You are engulfed in flames!
You die...

≈≈≈≈≈≈≈≈≈≈≈≈≈≈≈≈≈≈
≈≈≈≈≈≈≈≈≈≈≈≈≈≈≈≈≈
≈≈≈≈≈≈≈≈≈≈≈≈≈≈≈≈ ≈≈≈≈≈#
≈≈≈≈≈≈≈≈≈≈≈≈######≈≈≈≈≈#
............'..#.#≈≈≈≈≈#
#############..#'#≈≈≈≈≈#
...)))#.....'....#≈≈≈≈≈#
8.8.8.'.....#....#≈≈≈≈≈#
).##############@#≈≈≈≈≈#
..# +..#o3≈≈≈≈≈# ..#
#..#.≈≈≈≈≈≈# ###
#..#.≈≈≈≈≈≈# .#
#########.≈≈≈≈≈≈# .#
.#..8.8..#.≈≈≈≈≈≈# .#
.'.....go☼∩≈≈≈≈≈≈# .#
.#..8.8K)#.≈≈≈≈≈≈# .#
#########.≈≈≈≈≈≈#


You could see an orc high priest and a sun demon (summoned).

Vanquished Creatures
  A two-headed ogre (D:8)
  Pikel (D:6)
  A kobold demonologist (D:5)
  Sigmund (D:6)
  A steam dragon (D:8)
  A yak (D:8)
  Duvessa (D:6)
  2 water moccasins (D:7)
  2 sky beasts
  6 orc warriors
  A black bear (D:5)
  A necrophage (D:5)
  6 ogres
  4 lemures (D:6)
  A kobold brigand (D:8)
  3 bullfrogs
  Blork the orc (D:4)
  2 scorpions (D:5)
  A gnoll sergeant (D:5)
  A wyvern zombie (D:6)
  Dowan (D:6)
  2 howler monkeys
  3 electric eels (Bailey)
  A bullfrog zombie (D:5)
  3 centaur zombies
  A bullfrog skeleton (D:6)
  2 orc priests
  3 gnoll shamans (D:7)
  2 hounds
  3 iguanas
  Natasha (thrice) (D:2)
  2 orc wizards (D:7)
  2 killer bee zombies
  A hound zombie (D:5)
  A hound skeleton (D:5)
  A howler monkey zombie (D:8)
  16 gnolls
  6 adders
  3 river rats (Sewer)
  A white imp (D:8)
  An ufetubus (D:4)
  An adder skeleton (D:4)
  2 worms (D:2)
  3 dart slugs
  23 orcs
  10 bats
  15 endoplasms
  3 giant cockroaches
  14 hobgoblins
  5 jackals (D:3)
  25 kobolds
  4 quokkas
  13 ball pythons
  4 frilled lizards
  11 goblins
  28 rats
257 creatures vanquished.

Vanquished Creatures (others)
  1248 foxfires
1248 creatures vanquished.

Grand Total: 1505 creatures vanquished

Notes
Turn   | Place    | Note
-------+----------+-------------------------------------------
     0 | D:1      | oldriver the Deep Elf Fire Elementalist began the quest for
                  | the Orb.
     0 | D:1      | Reached XP level 1. HP: 10/10 MP: 6/6
   382 | D:1      | Found Gelasish's Armour Shop.
   455 | D:1      | Reached XP level 2. HP: 15/15 MP: 5/8
   790 | D:1      | Learned a level 2 spell: Scorch
  1338 | D:2      | Reached XP level 3. HP: 20/20 MP: 6/9
  1667 | D:2      | Noticed Natasha
  1670 | D:2      | Killed Natasha
  1725 | D:2      | Noticed Natasha
  1729 | D:2      | Killed Natasha
  1730 | D:2      | Reached skill level 1 in Fighting
  1730 | D:2      | Reached XP level 4. HP: 25/25 MP: 5/11
  2058 | D:1      | Bought a +0 buckler for 49 gold pieces
  2186 | D:2      | Found a faded altar of an unknown god.
  2332 | D:2      | Noticed Natasha
  2343 | D:2      | Killed Natasha
  2344 | D:2      | Reached XP level 5. HP: 20/29 MP: 1/12
  2355 | D:2      | Reached skill level 4 in Spellcasting
  2708 | D:2      | You fall into a shaft and drop 2 floors!
  2891 | D:4      | Noticed Blork the orc
  2896 | D:4      | Killed Blork the orc
  2897 | D:4      | Reached skill level 1 in Shields
  2919 | D:4      | Reached XP level 6. HP: 24/34 MP: 8/14
  3177 | D:4      | Found a glowing drain.
  3189 | Sewer    | Entered a sewer
  3624 | Sewer    | Identified the +1 robe "Bachapergh" {rF++ Str-5 SInv}
  4988 | Sewer    | Identified the +2 short sword "Zizeskyips" {speed, rF-
                  | rC+++ Str+3 Dex+4}
  6919 | D:5      | Entered Level 5 of the Dungeon
  7121 | D:5      | Reached XP level 7. HP: 40/40 MP: 8/16
  7194 | D:5      | Noticed a kobold demonologist
  7208 | D:5      | Killed a kobold demonologist
  7209 | D:5      | Reached skill level 5 in Spellcasting
  7557 | D:5      | Found Mostru's Book Boutique.
  7618 | D:5      | Reached skill level 5 in Stealth
  7618 | D:5      | Reached skill level 5 in Fire Magic
  7806 | D:5      | Reached skill level 5 in Dodging
  7806 | D:5      | Reached XP level 8. HP: 45/45 MP: 9/18
  8197 | D:5      | Reached skill level 6 in Spellcasting
  8526 | D:6      | Noticed Sigmund
  8773 | D:6      | Noticed Duvessa
  8773 | D:6      | Noticed Dowan
  9169 | D:6      | Reached skill level 5 in Conjurations
  9222 | D:6      | Killed Sigmund
  9410 | D:6      | Found a staircase to the Ecumenical Temple.
  9426 | Temple   | Entered the Ecumenical Temple
  9598 | Temple   | Became a worshipper of Vehumet
  9731 | D:6      | Noticed Pikel
  9740 | D:6      | Killed Pikel
  9741 | D:6      | Reached skill level 7 in Spellcasting
  9741 | D:6      | Reached XP level 9. HP: 52/52 MP: 1/21
 10447 | D:6      | Identified the +0 scale mail of the Endless Expanse {*Slow
                  | rC+++ Int+4}
 10711 | D:6      | Killed Dowan
 10841 | D:6      | Killed Duvessa
 11357 | D:1      | Bought a +2 leather armour of poison resistance for 176
                  | gold pieces
 11806 | D:6      | Reached skill level 8 in Spellcasting
 12583 | D:7      | Reached skill level 5 in Fighting
 12985 | D:7      | Reached * piety under Vehumet
 12985 | D:7      | Offered knowledge of Magic Dart by Vehumet.
 12993 | D:7      | Learned a level 1 spell: Magic Dart
 13295 | D:7      | Learned a level 3 spell: Conjure Flame
 13554 | D:8      | Reached skill level 5 in Shields
 13554 | D:8      | Reached XP level 10. HP: 59/59 MP: 19/24
 13557 | D:8      | Reached skill level 9 in Spellcasting
 13572 | D:8      | Noticed a two-headed ogre
 13586 | D:8      | Killed a two-headed ogre
 13680 | D:8      | Found a flagged portal.
 13696 | Bailey   | Entered a bailey
 13937 | Bailey   | Reached ** piety under Vehumet
 13937 | Bailey   | Offered knowledge of Searing Ray by Vehumet.
 13998 | Bailey   | Learned a level 2 spell: Searing Ray
 14151 | Bailey   | Reached skill level 10 in Spellcasting
 14230 | Bailey   | Acquired the +1 pair of gloves "Qoythriuts" {+Inv rPois rC-
                  | Slay+5}
 14489 | Bailey   | Noticed an orc high priest
 14502 | Bailey   | Noticed a sun demon
 14506 | Bailey   | HP: 3/60 [sun demon[an orc high priest] (12)]
 14506 | Bailey   | Mangled by a sun demon

Illustrated notes

Levels and vault maps discovered:
D:1:      onia_arrival_handbag, layout_loops_ring, serial_shops, shop
D:2:      layout_basic, basic_ecumenical_altar, uniq_natasha
D:3:      layout_loops_ring, minivault_14, serial_bayou_crossing
D:4:      layout_basic, portal_sewer_entry_b, uniq_blork_the_orc
D:5:      layout_cave_pods, serial_shops, shop, hex_large
D:6:      layout_basic, minmay_temple_entry_proselytizer, uniq_pikel,
          uniq_sigmund, uniq_duvessa
D:7:      layout_gridville
D:8:      layout_gridville, enter_bailey_4
Temple:   kilobyte_greek_temple
Bailey:   bailey_axe_of_yendor_kennysheep, bailey

Skill      XL: |  1  2  3  4  5  6  7  8  9 10 |
---------------+-------------------------------+-----
Dodging        | 3 4 5 |  5.5
Stealth        | 3 4 5 |  5.6
Conjurations   | 2 3 4 5 6 |  6.1
Fighting       | 1 2 4 5 6 |  6.0
Spellcasting   | 4 5 7 8 10 | 10.1
Fire Magic     | 4 5 6 7 |  7.0
Shields        | 1 2 3 5 |  5.0

Action                   |  1- 3 |  4- 6 |  7- 9 | 10-12 || total
-------------------------+-------+-------+-------+-------++-------
Melee: Unarmed           |     1 |       |       |       ||     1
       Dagger            |       |       |     4 |     4 ||     8
Throw: Dart              |       |       |       |     1 ||     1
       Throwing net      |       |       |       |     1 ||     1
 Cast: Foxfire           |    95 |   287 |   288 |    77 ||   747
       Scorch            |       |    25 |    72 |    22 ||   119
       Conjure Flame     |       |       |       |     5 ||     5
       Searing Ray       |       |       |       |     4 ||     4
Evoke: Wand              |       |       |       |     4 ||     4
  Use: Scroll            |       |     5 |    10 |     1 ||    16
Armor: Robe              |     1 |     4 |       |       ||     5
       Leather armour    |       |       |    11 |     6 ||    17
Dodge: Dodged            |     4 |     5 |    30 |    10 ||    49
Block: Buckler           |       |     4 |    20 |     1 ||    25

Table legend: (Time is in decaauts)
 A = Elapsed time spent in this place.
 B = Non-inter-level travel time spent in this place.
 C = Inter-level travel time spent in this place.
 D = Time resting spent in this place.
 E = Time spent auto-exploring this place.
 F = Levels seen in this place.
 G = Mean time per level.
                   A        B        C        D        E       F      G
               +--------+--------+--------+--------+--------+-----+--------+
         Total |  14568 |  13574 |    994 |   3450 |   7525 |  11 | 1324.4 |
       Dungeon |  11690 |  10745 |    945 |   2386 |   6476 |   8 | 1461.2 |
        Temple |    204 |    155 |     49 |      0 |    150 |   1 |  204.0 |
         Sewer |   1865 |   1865 |      0 |    825 |    692 |   1 | 1865.0 |
        Bailey |    808 |    808 |      0 |    239 |    206 |   1 |  808.0 |
               +--------+--------+--------+--------+--------+-----+--------+

Top non-repeatable levels by time:
     D:6: 2351 daAuts
     D:5: 2118 daAuts
   Sewer: 1865 daAuts
     D:1: 1669 daAuts
     D:7: 1497 daAuts
     D:3: 1432 daAuts
     D:2: 1188 daAuts
     D:4: 1040 daAuts
  Bailey: 808 daAuts
     D:8: 391 daAuts
  Temple: 204 daAuts
